 Dungeon Crawl Stone Soup version 0.29-a0-243-g602b31c20e (webtiles) character file.

Game seed: 3164200416805807986

24 siradein the Caller (level 2, -1/20 HPs)
             Began as a Draconian Summoner on Mar 4, 2022.
             Slain by a jackal (2 damage)
             ... on level 2 of the Dungeon.
             The game lasted 00:01:28 (1442 turns).

siradein the Caller (Draconian Summoner)            Turns: 1442, Time: 00:01:29

Health: -1/20      AC:  4    Str: 10    XL:     2   Next: 79%
Magic:  3/5        EV: 27    Int: 15    God:
Gold:   117        SH:  0    Dex: 11    Spells: 3/6 levels left

rFire   . . .      SeeInvis .   d - +0 short sword
rCold   . . .      Faith    .   (no shield)
rNeg    . . .      Spirit   .   (body armour unavailable)
rPois   .          Reflect  .   (helmet restricted)
rElec   .          Harm     .   (no cloak)
rCorr   .          Rampage  .   (no gloves)
Will    .....                   (no boots)
Stlth   ++........              g - amulet of the acrobat
HPRegen 0.06/turn               (no ring)
MPRegen 0.09/turn               (no ring)

@: acrobatic
A: AC +4, unfitting armour, cold-blooded
a: no special abilities


You were on level 2 of the Dungeon.
You visited 1 branch of the dungeon, and saw 2 of its levels.

You collected 117 gold pieces.

Inventory:

Hand Weapons
 d - a +0 short sword (weapon)
Jewellery
 g - an amulet of the acrobat (around neck)
 j - an amulet of faith
Scrolls
 a - a scroll of immolation {unknown}
 b - 2 scrolls of noise {unknown}
 f - a scroll of enchant armour {unknown}
Potions
 c - 3 potions of curing {unknown}
 e - a potion of heal wounds {unknown}
 h - a potion of brilliance {unknown}
 i - 2 potions of attraction {unknown}


   Skills:
 - Level 1.7 Dodging
 - Level 1.7 Stealth
 + Level 2.6 Spellcasting
 + Level 4.4 Summonings


You had 3 spell levels left.
You knew the following spells:

 Your Spells              Type           Power      Damage    Failure   Level
a - Summon Small Mammal   Summ           60%        N/A       3%          1
b - Call Imp              Summ           15%        N/A       4%          2

Your spell library contained the following spells:

 Spells                   Type           Power      Damage    Failure   Level
 Call Canine Familiar     Summ           15%        N/A       10%         3
 Summon Guardian Golem    Hex/Summ       8%         N/A       26%         3
 Scorch                   Fire           2%         2d5       32%         2
 Summon Lightning Spire   Summ/Air       8%         N/A       63%         4
 Flame Wave               Conj/Fire      1%         2d4       91%         4
 Summon Cactus Giant      Summ           7%         N/A       99%         6


Dungeon Overview and Level Annotations

Branches:
Dungeon (2/15)

Altars:


Innate Abilities, Weirdness & Mutations

Your plain brown scales are hard. (AC +4)
You cannot fit into any form of body armour.
You are cold-blooded and may be slowed by cold attacks.


Message History

The jackal bites you but does no damage.
Your crimson imp hits the jackal.
The frilled lizard closely misses your crimson imp.
Your crimson imp misses the jackal.
The endoplasm completely misses you.
The frilled lizard barely misses your crimson imp.
The jackal misses you. The jackal closely misses you.
The jackal bites you but does no damage.
The jackal barely misses you.
You feel yourself speed up.
Your crimson imp closely misses the jackal.
The jackal completely misses you. The endoplasm freezes you.
You are frozen.
* * * LOW HITPOINT WARNING * * *
Your crimson imp blinks!
The jackal completely misses you. The jackal completely misses you.
Your crimson imp hits the jackal.
The rat twitches its whiskers.
The jackal completely misses you.
Your crimson imp barely misses the jackal.
The jackal completely misses you. The jackal completely misses you.
The rat twitches its whiskers.
Your crimson imp closely misses the jackal.
Your crimson imp closely misses the rat.
The jackal bites you but does no damage.
Your crimson imp barely misses the frilled lizard.
The jackal closely misses you. The jackal completely misses you.
The jackal bites you.
* * * LOW HITPOINT WARNING * * *
Casting: Call Imp (safe; 4% risk of failure)
Confirm with . or Enter, or press ? or * to list all spells.
A beastly little devil appears in a puff of frigid air.
Your crimson imp disappears in a puff of smoke!
The jackal bites you but does no damage.
The jackal bites you.
* * * LOW HITPOINT WARNING * * *
The jackal bites you.
You die...

#.........# #.# ..........# #.#
.....###..# #.# #############
.....# #..###.##### #............
.....###..........###............
........#.###...5................
#'#.....+...#####.##..........!..
#.#.....#.#.....h.J...r..........
#.#.....#...)...@h##......#....?.
#.#.....#.#...######......#......
#.#....<...>........##+####l##'##
..#####....#........ #r..... ###
#.#.....###... #5.....
##<.....##.... #......
#......##.... #......
########......# #......
#...#.........# #..†...


You could see an endoplasm, 2 jackals and a rat.

Vanquished Creatures
  An endoplasm (D:1)
  A giant cockroach (D:1)
  4 goblins
  3 hobgoblins
  3 bats (D:1)
  A frilled lizard (D:1)
  3 kobolds (D:1)
16 creatures vanquished.

Vanquished Creatures (collateral kills)
  A worm (D:2)
  A goblin (D:1)
  A hobgoblin (D:1)
3 creatures vanquished.

Grand Total: 19 creatures vanquished

Notes
Turn   | Place    | Note
-------+----------+-------------------------------------------
     0 | D:1      | siradein the Draconian Summoner began the quest for the
                  | Orb.
     0 | D:1      | Reached XP level 1. HP: 14/14 MP: 3/3
   501 | D:1      | Reached XP level 2. HP: 10/20 MP: 3/5
  1165 | D:1      | Learned a level 2 spell: Call Imp
  1442 | D:2      | HP: 1/20 [jackal (2)]
  1442 | D:2      | Slain by a jackal

Illustrated notes

Levels and vault maps discovered:
D:1:      roderic_octagonal_star, layout_basic
D:2:      layout_basic, shapermc_ecumenical_altar_totnotflames

Action                   || total
-------------------------++-------
Melee: Unarmed           ||    31
       Dagger            ||    10
       Tailslap          ||    15
       Short sword       ||    27
 Cast: Summon Small Mamm ||    12
       Call Imp          ||     5
 Stab: Sleeping          ||     2
Armor: Skin              ||    22
Dodge: Dodged            ||    68

Table legend: (Time is in decaauts)
 A = Elapsed time spent in this place.
 B = Non-inter-level travel time spent in this place.
 C = Inter-level travel time spent in this place.
 D = Time resting spent in this place.
 E = Time spent auto-exploring this place.
 F = Levels seen in this place.
 G = Mean time per level.
                   A        B        C        D        E       F      G
               +--------+--------+--------+--------+--------+-----+--------+
         Total |   1445 |   1439 |      6 |      0 |   1223 |   2 |  722.5 |
       Dungeon |   1445 |   1439 |      6 |      0 |   1223 |   2 |  722.5 |
               +--------+--------+--------+--------+--------+-----+--------+

Top non-repeatable levels by time:
     D:1: 1171 daAuts
     D:2: 274 daAuts
